 Dungeon Crawl Stone Soup version 0.29.1-15-g9cfb28693d (webtiles) character file.

Game seed: 6939796584110694659

42 Heoruswealwe the Magician (level 3, 0/19 HPs)
             Began as a Deep Elf Earth Elementalist on Apr 13, 2023.
             Succumbed to an adder's poison
             ... on level 2 of the Dungeon.
             The game lasted 00:13:13 (1168 turns).

Heoruswealwe the Magician (DEEE)                    Turns: 1168, Time: 00:13:13

Health: 0/19       AC:  2    Str: 11    XL:     3   Next: 33%
Magic:  8/10       EV: 12    Int: 21    God:
Gold:   96         SH:  0    Dex: 15    Spells: 7/10 levels left

rFire   . . .      SeeInvis .   j - +0 lajatang
rCold   . . .      Faith    .   (shield currently unavailable)
rNeg    . . .      Spirit   .   a - +0 robe
rPois   .          Reflect  .   (no helmet)
rElec   .          Harm     .   (no cloak)
rCorr   .          Rampage  .   (no gloves)
Will    .....                   (no boots)
Stlth   ++........              g - amulet of magic regeneration
HPRegen 0.06/turn               c - +6 ring of strength
MPRegen 0.52/turn               (no ring)

@: brilliant, lethally poisoned (0 -> -3)
A: no striking features
a: no special abilities


You were on level 2 of the Dungeon.
You visited 1 branch of the dungeon, and saw 2 of its levels.

You collected 96 gold pieces.

Inventory:

Hand Weapons
 j - a +0 lajatang (weapon)
Armour
 a - a +0 robe (worn)
Jewellery
 c - a +6 ring of strength (left hand)
 g - an amulet of magic regeneration (around neck)
Scrolls
 e - a scroll of magic mapping
 k - a scroll of blinking
 n - a scroll of teleportation
Potions
 b - a potion of magic
 f - a potion of curing {unknown}
 i - a potion of flight {unknown}
 l - 3 potions of invisibility {unknown}


   Skills:
 - Level 2.4 Dodging
 - Level 2.4 Stealth
 + Level 4.2 Spellcasting
 - Level 1.1 Transmutations
 + Level 4.2 Earth Magic


You had 7 spell levels left.
You knew the following spells:

 Your Spells              Type           Power      Damage    Failure   Level
a - Sandblast             Erth           66%        2d15      1%          1
z - Passwall              Tmut/Erth      19%        N/A       6%          2

Your spell library contained the following spells:

 Spells                   Type           Power      Damage    Failure   Level
 Beastly Appendage        Tmut           26%        N/A       8%          1
 Sting                    Tmut/Pois      40%        1d5       10%         1
 Wereblood                Tmut           13%        N/A       11%         2
 Stone Arrow              Conj/Erth      38%        3d9       14%         3
 Poisonous Vapours        Pois/Air       12%        N/A       19%         2
 Spider Form              Tmut/Pois      10%        N/A       28%         3
 Petrify                  Tmut/Erth      23%        N/A       36%         4
 Olgreb's Toxic Radiance  Pois           6%         N/A       75%         4


Dungeon Overview and Level Annotations

Branches:
Dungeon (2/15)

Altars:


Message History

You are very lightly contaminated with residual magic.
Nothing appears to happen.
The kobold shouts!
The blast of sand misses the adder.
The adder bites you.
You are poisoned.
The adder poisons you! The adder bites you but does no damage.
The blast of sand misses the adder.
The blast of sand hits the kobold.
The kobold is severely wounded.
You feel sick. The adder closely misses you. The adder bites you.
You are more poisoned.
The adder poisons you!
The blast of sand hits the adder.
The adder is moderately wounded.
You feel very sick. The adder bites you but does no damage.
The adder closely misses you. The kobold hits you with a +0 dagger.
You are too injured to fight recklessly!
Casting: Sandblast (safe; 2% risk of failure)
Confirm with . or Enter, or press ? or * to list all spells.
Aiming: Sandblast (safe; 2% risk of failure)
Press: ? - help, Shift-Dir - straight line, f/p - adder
Aim: an adder (moderately wounded, 72% to hit)
The blast of sand hits the adder!
You kill the adder!
* * * LOW HITPOINT WARNING * * *
You feel sick. The kobold hits you with a +0 dagger.
* * * LOW HITPOINT WARNING * * *
Your magical contamination has completely faded away.
Casting: Sandblast (safe; 2% risk of failure)
Confirm with . or Enter, or press ? or * to list all spells.
Aiming: Sandblast (safe; 2% risk of failure)
Press: ? - help, Shift-Dir - straight line, f - kobold
Aim: a kobold, wielding a +0 dagger (severely wounded, 79% to hit)
The blast of sand hits the kobold!
You kill the kobold!
* * * LOW HITPOINT WARNING * * *
You feel sick.
It was a potion of brilliance.
You feel clever all of a sudden.
You die...

#.#..#######........#
#####....#####........#
#####......#.....#........##
#..........#####.########..#
#.###......# #.#####
##.###### #.# #......#
#.....# #......? #.#
################.#####.......
#.######
......)..#............).
#......#
.......@.#....###.......
#..###.# .##..##'##....#
#....... ...# #.# #
#..#########.##.... ######.#
#..8#######........ #..#.#
##...†..)†..#...... ##..#.#
##.......####...... ##.(.#.#
#..8###### #....## #...##.#
#..## #....# #......# ##+#
#....#


There were no monsters in sight!

Vanquished Creatures
  2 adders (D:2)
  2 endoplasms
  A giant cockroach (D:1)
  A goblin (D:2)
  5 hobgoblins
  4 kobolds
  A quokka (D:2)
  A ball python (D:2)
  3 bats
  3 rats (D:1)
23 creatures vanquished.

Notes
Turn   | Place    | Note
-------+----------+-------------------------------------------
     0 | D:1      | Heoruswealwe the Deep Elf Earth Elementalist began the
                  | quest for the Orb.
     0 | D:1      | Reached XP level 1. HP: 10/10 MP: 6/6
   197 | D:1      | Reached XP level 2. HP: 15/15 MP: 6/8
   200 | D:1      | Learned a level 2 spell: Passwall
   753 | D:1      | You fall into a shaft and drop 1 floor!
  1141 | D:2      | Reached XP level 3. HP: 19/19 MP: 8/10
  1168 | D:2      | Succumbed to an adder's poison

Illustrated notes

Levels and vault maps discovered:
D:1:      wander_arrival_desolate, layout_rooms, minmay_pentomino_v2
D:2:      minmay_chambers_of_twos, layout_basic

Skill      XL: |  1  2 |
---------------+-------+-----
Spellcasting   | 4 |  4.2
Earth Magic    | 4 |  4.2
Dodging        | |  2.4
Stealth        | |  2.4
Transmutations | |  1.1

Action                   || total
-------------------------++-------
 Cast: Sandblast         ||    34
       Passwall          ||     3
  Use: Scroll            ||     4
       Potion            ||     1
Armor: Robe              ||     6
Dodge: Dodged            ||     9
